AoeStats
← Brummkäfer

Lombardia

509161064Analyzed
2v2 RM · 8d ago on Sep 25, 2026· 58m 20s· 4 players
Game mode
Random Map
Map size
Medium (4 player)
Population
200
Speed
Normal
Resources
Standard
Victory
Conquest
Starting age
Dark Age
Ending age
Imperial Age
RankedLock teamsTeams togetherTeam positionsShared explorationLock speedFull tech treeHidden civsTurbo modeCheats
Victory
Defeat
🇪🇸 Romans · Spain
937
+15
🇩🇪 Bulgarians · Germany
909
+17
🇦🇷 Italians · Argentina
940
-17
🇦🇷 Byzantines · Argentina
906
-15
Brummkäfer
4:06 Loom
11:18 Feudal Age
16:43 Forging
16:34 Scale Mail Armor
16:25 Arson
23:09 Castle Age
21:12 Double-Bit Axe
21:09 Horse Collar
23:02 Stone Mining
24:33 Wheelbarrow
24:51 Gold Mining
26:15 Gold Shaft Mining
25:31 Gambesons
25:47 Squires
26:57 Iron Casting
27:24 Hand Cart
28:21 Heavy Plow
28:57 Town Watch
34:03 Thumb Ring
35:18 Stone Shaft Mining
35:28 Bow Saw
38:18 Imperial Age
38:16 Pikeman
39:51 Halberdier
41:23 Crop Rotation
42:07 Conscription
41:43 Stirrups
42:00 Town Patrol
43:06 Blast Furnace
42:12 Scale Barding Armor
41:58 Fletching
42:09 Padded Archer Armor
44:06 Chain Barding Armor
43:42 Bodkin Arrow
43:46 Elite Konnik
49:02 Husbandry
48:22 Cavalier
51:29 Chemistry
50:50 Ballistics
50:26 Murder Holes
50:37 Siege Engineers
54:24 Bloodlines
55:44 Plate Barding Armor
54:49 Elite Skirmisher
Boni_5
6:33 Loom
11:32 Feudal Age
11:57 Horse Collar
12:14 Double-Bit Axe
14:09 Bloodlines
14:13 Town Watch
17:42 Forging
21:09 Castle Age
20:21 Stone Mining
20:22 Gold Mining
25:20 Bow Saw
26:13 Husbandry
27:55 Wheelbarrow
29:04 Ballistas
30:51 Heavy Plow
33:27 Imperial Age
32:34 Iron Casting
32:52 Hand Cart
34:32 Conscription
35:17 Heavy Scorpion
36:49 Ballistics
38:40 Chemistry
38:49 Scale Barding Armor
42:53 Elite Centurion
45:06 Pikeman
45:46 Squires
45:37 Cavalier
48:17 Blast Furnace
48:03 Halberdier
50:13 Capped Ram
51:54 Scale Mail Armor
51:50 Siege Ram
joaquinc96
11:10 Feudal Age
11:08 Loom
12:59 Double-Bit Axe
17:54 Castle Age
18:05 Pikeman
18:46 Squires
25:11 Bow Saw
33:50 Imperial Age
31:58 Wheelbarrow
31:09 Horse Collar
32:16 Stone Mining
32:16 Gold Mining
33:25 Forging
34:54 Conscription
34:38 Scale Mail Armor
37:30 Chemistry
38:23 Iron Casting
39:10 Scale Barding Armor
40:41 Two-Man Saw
40:49 Chain Barding Armor
41:09 Logistica
41:15 Light Cavalry
41:57 Husbandry
42:46 Plate Barding Armor
42:48 Ballistics
42:48 Hand Cart
48:14 Caravan
48:21 Halberdier
49:29 Fletching
49:50 Hussar
51:50 Bodkin Arrow
53:40 Heavy Plow
55:55 Hand Cart
56:38 Hoardings
gdpadilla950
5:14 Loom
10:33 Feudal Age
16:01 Castle Age
13:57 Double-Bit Axe
23:41 Bow Saw
25:13 Wheelbarrow
30:48 Imperial Age
29:54 Crossbowman
36:47 Conscription
37:28 Ballistics
37:46 Silk Road
38:31 Two-Man Saw
38:09 Fletching
38:19 Padded Archer Armor
38:30 Caravan
38:31 Gold Mining
42:27 Chemistry
42:07 Thumb Ring
44:24 Treadmill Crane
45:23 Elite Genoese Crossbowman
46:24 Leather Archer Armor
46:05 Bodkin Arrow
46:20 Elite Skirmisher
47:41 Fortified Wall
48:56 Arbalester
54:36 Bracer
Connection lost

Rejoining the realm…

Still unreachable

The connection could not be restored.

Session expired

The server has moved on; the page needs a fresh start.